 Dungeon Crawl Stone Soup version 0.26-a0-611-g354ed81502 (webtiles) character file.

Game seed: 2644404465004925810

53 MrRokkomies the Sneak (level 3, 0/25 HPs)
             Began as an Octopode Brigand on Sept 7, 2020.
             Was a Follower of Ashenzari.
             Slain by a bullfrog zombie (3 damage)
             ... on level 2 of the Dungeon.
             The game lasted 00:02:04 (1359 turns).

MrRokkomies the Sneak (Octopode Brigand)            Turns: 1359, Time: 00:02:05

Health: 0/25       AC:  1    Str: 10    XL:     3   Next: 89%
Magic:  3/3        EV: 13    Int: 14    God:    Ashenzari [*.....]
Gold:   96         SH:  0    Dex: 13    Spells: 2/2 levels left

rFire    . . .     SeeInvis .   a - +1 dagger (freeze)
rCold    . . .     Faith    .   (no shield)
rNeg     . . .     Spirit   .   (helmet restricted)
rPois    .         Reflect  .   (no amulet)
rElec    .         Harm     .   (no ring)
rCorr    .                      (no ring)
MR       .....                  (no ring)
Stlth    ++++......             (no ring)
HPRegen  0.08/turn              (no ring)
MPRegen  0.08/turn              (no ring)
                                (no ring)
                                (no ring)

@: no status effects
A: almost no armour, stealthy swim, amphibious, 8 rings, constrict 8, camouflage
1, gelatinous body 1
a: Curse Item, Scrying, Renounce Religion


You were on level 2 of the Dungeon.
You worshipped Ashenzari.
Ashenzari was aware of your devotion.
You visited 1 branch of the dungeon, and saw 2 of its levels.

You collected 96 gold pieces.

Inventory:

Hand Weapons
 a - a +1 dagger of freezing (weapon)
 f - a +2 dagger
Missiles
 b - 8 poisoned darts (quivered)
 c - 2 curare-tipped darts
Scrolls
 d - a scroll of teleportation {unknown}
Potions
 e - a potion of lignification


   Skills:
 + Level 2.4 Fighting
 + Level 2.4 Short Blades
 * Level 2.8 Throwing
 * Level 2.1 Dodging
 - Level 5.3 Stealth


You had 2 spell levels left.
You didn't know any spells.
Your spell library was empty.

Dungeon Overview and Level Annotations

Branches:
Dungeon (2/15)

Altars:
Ashenzari


Innate Abilities, Weirdness & Mutations

You cannot wear most types of armour.
You are very stealthy in the water. (Stealth+)
You are amphibious.
You can wear up to eight rings at the same time.
You can use your tentacles to constrict eight enemies at once.
Your skin changes colour to match your surroundings (Stealth+).
Your rubbery body absorbs attacks. (AC +1, EV +1)


Message History

The bullfrog zombie closely misses you.
You barely miss the bullfrog zombie. You grab the bullfrog zombie.
The bullfrog zombie is lightly damaged.
You constrict the bullfrog zombie. The bullfrog zombie misses you.
You hit the bullfrog zombie.
The bullfrog zombie is moderately damaged.
You constrict the bullfrog zombie. The bullfrog zombie hits you.
* * * LOW HITPOINT WARNING * * *
You hit the bullfrog zombie.
The bullfrog zombie is heavily damaged.
You constrict the bullfrog zombie.
The bullfrog zombie completely misses you.
You hit the bullfrog zombie.
The bullfrog zombie is heavily damaged.
You constrict the bullfrog zombie.
The bullfrog zombie completely misses you.
You hit the bullfrog zombie. You squeeze the bullfrog zombie!
The bullfrog zombie is almost destroyed.
You constrict the bullfrog zombie. The bullfrog zombie hits you.
You die...

##.# #.........#
#..# ...#
#.#######.# #...
.### #.# #.## .#
#.# #.## .# #.#
#.## ## #.# #>..
#.# ####
#.#######.#
#.....@...#
#.###Z##### #...#
###.# ### #.# ..
#.# .# #.#
##>####.# #.
#.......# #.#
.....!..........#


You could see a bullfrog zombie.

Vanquished Creatures
  2 adders (D:2)
  A dart slug (D:1)
  A leopard gecko (D:2)
  2 giant cockroaches (D:1)
  3 goblins
  4 hobgoblins
  2 kobolds
  A quokka (D:2)
  A ball python (D:1)
  7 bats
  5 frilled lizards
  4 rats
33 creatures vanquished.

Vanquished Creatures (others)
  A fungus (D:1)
1 creature vanquished.

Grand Total: 34 creatures vanquished

Notes
Turn   | Place    | Note
-------+----------+-------------------------------------------
     0 | D:1      | MrRokkomies the Octopode Brigand began the quest for the
                  | Orb.
     0 | D:1      | Reached XP level 1. HP: 14/14 MP: 1/1
   148 | D:1      | Reached XP level 2. HP: 19/19 MP: 2/2
   737 | D:2      | Reached XP level 3. HP: 24/24 MP: 3/3
   833 | D:2      | Found a faded altar of an unknown god.
   840 | D:2      | Became a worshipper of Ashenzari the Shackled
   840 | D:2      | Reached * piety under Ashenzari
  1359 | D:2      | Slain by a bullfrog zombie

Illustrated notes

Levels and vault maps discovered:
D:1:      dpeg_cavernosity, layout_basic
D:2:      layout_loops_ring, chequers_ecumenical_altar_simple,
          wander_ebering_terrifying_dragon_lair

Skill      XL: |  1  2  3 |
---------------+----------+-----
Dodging        | 2 |  2.1
Fighting       | |  2.4
Short Blades   | |  2.4
Throwing       | |  2.8
Stealth        | |  5.3

Action                   || total
-------------------------++-------
Melee: Dagger            ||    63
       Constrict         ||    14
       Tentacles         ||    10
Throw: Dart              ||     3
  Use: Scroll            ||     3
 Stab: Sleeping          ||    16
Armor: Skin              ||     6
Dodge: Dodged            ||    36

Table legend: (Time is in decaauts)
 A = Elapsed time spent in this place.
 B = Non-inter-level travel time spent in this place.
 C = Inter-level travel time spent in this place.
 D = Time resting spent in this place.
 E = Time spent auto-exploring this place.
 F = Levels seen in this place.
 G = Mean time per level.
                   A        B        C        D        E       F      G
               +--------+--------+--------+--------+--------+-----+--------+
         Total |   1351 |   1311 |     40 |      0 |   1102 |   2 |  675.5 |
       Dungeon |   1351 |   1311 |     40 |      0 |   1102 |   2 |  675.5 |
               +--------+--------+--------+--------+--------+-----+--------+

Top non-repeatable levels by time:
     D:1: 729 daAuts
     D:2: 621 daAuts
